 Dungeon Crawl Stone Soup version 0.24.0-35-gdb84b6a5db (webtiles) character file.

Game seed: 4423206426914761653, levelgen mode: deterministic

254582 larifari the Bewitcher (level 19, -10/150 HPs)
             Began as a Spriggan Enchanter on Nov 16, 2019.
             Was an Initiate of Gozag.
             Killed from afar by Tufios the Cloud Mage (25 damage)
             ... with a tornado
             ... in a wizard's laboratory on Nov 18, 2019.
             The game lasted 07:27:48 (48111 turns).

larifari the Bewitcher (Spriggan Enchanter)        Turns: 48111, Time: 07:27:49

Health: -10/150    AC:  7    Str: 10    XL:     19   Next: 2%
Magic:  19/43      EV: 49    Int: 22    God:    Gozag
Gold:   4498       SH:  0    Dex: 21    Spells: 2/56 levels left

rFire    + . .     SeeInvis +   r - +5 dagger (vamp)
rCold    + + .     Gourm    .   (shield restricted)
rNeg     + + .     Faith    .   T - +1 robe {rN+}
rPois    +         Spirit   .   o - +1 hat
rElec    +         Reflect  .   V - +1 cloak
rCorr    +         Harm     .   (gloves unavailable)
MR       +++..                  (boots unavailable)
Stlth    ..........             Z - amulet of the acrobat
HPRegen  0.35/turn              W - ring of Teinoid {rC+ rN+ Dex+3 SInv}
MPRegen  0.28/turn              A - ring of wizardry

@: mighty, berserking, silence, resistant, acrobat, flying (expiring), very
quick
A: very small, unfitting armour, see invisible, herbivore, speed 3, slow
metabolism 2
}: 2/15 runes: barnacled, gossamer
a: Renounce Religion


You were in a wizard's laboratory.
You worshipped Gozag.
Gozag was most pleased with you.
You were hungry.

You visited 8 branches of the dungeon, and saw 37 of its levels.
You also visited: Bailey, Ice Cave and Wizlab.

You collected 17083 gold pieces.
You spent 8173 gold pieces at shops.
You paid 4412 gold pieces to Gozag.

Inventory:

Hand Weapons
 f - the +5 dagger of the Mosquito {venom, rF++}
   (You bought it in a shop on level 9 of the Dungeon)

   It poisons the flesh of those it strikes.
   It greatly protects you from fire.
 r - a +5 vampiric dagger (weapon)
 Q - a +3 dagger of electrocution
Missiles
 U - 15 atropa-tipped darts (quivered)
Armour
 o - a +1 hat (worn)
 T - a +1 robe of positive energy (worn)
 V - a +1 cloak (worn)
Magical Staves
 b - an uncursed staff of air
Jewellery
 e - an uncursed ring of flight
 v - the ring "Qutom" {rPois Int+4 Dex+3}
   (You bought it in a shop on level 1 of the Vaults)

   [ring of poison resistance]

   It affects your intelligence (+4).
   It affects your dexterity (+3).
   It protects you from poison.
 A - a ring of wizardry (right hand)
 W - the ring of Teinoid (left hand) {rC+ rN+ Dex+3 SInv}
   (You found it on level 15 of the Dungeon)

   [ring of protection from cold]

   It affects your dexterity (+3).
   It protects you from cold.
   It protects you from negative energy.
   It lets you see invisible.
 Z - an amulet of the acrobat (around neck)
Wands
 a - a wand of clouds (8)
 h - a wand of acid (3)
 j - a wand of digging (15)
 k - a wand of paralysis (11)
 D - a wand of disintegration (16)
 H - a wand of iceblast (2)
 L - a wand of flame (41)
 S - a wand of random effects (53)
Scrolls
 c - 22 scrolls of teleportation
 g - 2 scrolls of blinking
 n - 9 scrolls of remove curse
 q - 5 scrolls of fear
 s - a scroll of immolation
 x - 8 scrolls of identify
 B - 2 scrolls of holy word
 G - 2 scrolls of summoning
 K - 7 scrolls of fog
 P - 8 scrolls of magic mapping
 R - 5 scrolls of vulnerability
Potions
 m - 3 potions of brilliance
 t - 2 potions of resistance
 u - 7 potions of haste
 w - 5 potions of cancellation
 z - 8 potions of ambrosia
 C - 8 potions of curing
 E - 3 potions of flight
 F - 4 potions of might
 I - 4 potions of agility
 J - a potion of lignification
 N - 5 potions of magic
 X - 3 potions of berserk rage
Miscellaneous
 i - a phantom mirror
 l - a lightning rod (4/4)
 M - a sack of spiders
Comestibles
 d - 22 rations


   Skills:
 + Level 11.4 Fighting
 * Level 10.6 Short Blades
 - Level 8.2 Armour
 + Level 16.2 Dodging
 + Level 9.7 Stealth
 * Level 19.3 Spellcasting
 * Level 20.0 Hexes
 - Level 6.9 Charms
 - Level 5.5 Translocations
 - Level 4.4 Transmutations
 + Level 10.1 Evocations


You had 2 spell levels left.
You knew the following spells:

 Your Spells              Type           Power        Failure   Level  Hunger
a - Apportation           Tloc           #####.       1%          1    None
b - Ensorcelled Hibernat  Hex/Ice        ######       1%          2    None
c - Tukima's Dance        Hex            #######.     0%          3    None
d - Confuse               Hex            #######.     0%          3    None
e - Yara's Violent Unrav  Hex/Tmut       ######....   1%          5    None
f - Cause Fear            Hex            #######...   0%          4    None
g - Invisibility          Hex            #######.     1%          6    ####...
h - Blink                 Tloc           N/A          1%          2    None
i - Discord               Hex            #######...   1%          8    #######
j - Silence               Hex/Air        ######....   1%          5    None
k - Dazzling Spray        Conj/Hex       ######       1%          3    None
l - Spectral Weapon       Hex/Chrm       ######..     1%          3    None
m - Regeneration          Chrm/Necr      #####.....   1%          3    None
n - Passage of Golubria   Tloc           N/A          1%          4    None
o - Song of Slaying       Chrm           ######..     1%          2    None

Your spell library contained the following spells:

 Spells                   Type           Power        Failure   Level  Hunger
 Confusing Touch          Hex            ######       0%          1    None
 Corona                   Hex            #######      0%          1    None
 Slow                     Hex            #######.     0%          2    None
 Animate Skeleton         Necr           N/A          1%          1    None
 Beastly Appendage        Tmut           #####.       1%          1    None
 Infusion                 Chrm           ####         1%          1    None
 Magic Dart               Conj           ###.         1%          1    None
 Pain                     Necr           ###.         1%          1    None
 Sting                    Conj/Pois      ###.         1%          1    None
 Summon Small Mammal      Summ           ###.         1%          1    None
 Call Imp                 Summ           ###.....     1%          2    None
 Corpse Rot               Necr           N/A          1%          2    None
 Passwall                 Tmut/Erth      ####....     1%          2    None
 Poisonous Vapours        Pois/Air       ###...       1%          2    None
 Shroud of Golubria       Chrm/Tloc      #####.       1%          2    None
 Sticks to Snakes         Tmut           #####...     1%          2    None
 Swiftness                Chrm/Air       #####...     1%          2    None
 Gell's Gravitas          Tloc           #####.....   1%          3    None
 Spider Form              Tmut/Pois      ####......   1%          3    None
 Summon Guardian Golem    Hex/Summ       ######..     1%          3    None
 Leda's Liquefaction      Hex/Erth       ######....   1%          4    None
 Metabolic Englaciation   Hex/Ice        ######....   1%          5    None
 Darkness                 Hex            #######...   1%          6    ####...
 Call Canine Familiar     Summ           ###.....     2%          3    None
 Conjure Flame            Conj/Fire      ###.....     2%          3    None
 Mephitic Cloud           Conj/Pois/Air  ###.....     2%          3    None
 Stone Arrow              Conj/Erth      ###...       2%          3    None
 Vampiric Draining        Necr           ###.......   2%          3    None
 Ice Form                 Ice/Tmut       ####....     3%          4    None
 Petrify                  Tmut/Erth      ####....     3%          4    None
 Blade Hands              Tmut           #####.....   4%          5    None
 Animate Dead             Necr           N/A          9%          4    None
 Olgreb's Toxic Radiance  Pois           ###.....     9%          4    None
 Summon Ice Beast         Ice/Summ       ###.....     9%          4    None
 Summon Lightning Spire   Summ/Air       ###.....     9%          4    None
 Summon Forest            Summ/Tloc      ####......   9%          5    None
 Hydra Form               Tmut           #####.....   22%         6    ####...
 Lee's Rapid Deconstruct  Erth           ###.......   26%         5    None
 Venom Bolt               Conj/Pois      ###.......   26%         5    None
 Deflect Missiles         Chrm/Air       #####.....   32%         6    ####...
 Conjure Ball Lightning   Conj/Air       ###.......   77%         6    ####...
 Summon Hydra             Summ           ###.......   99%         7    #####..
 Tornado                  Air            ###.......   100%        9    #######


Dungeon Overview and Level Annotations

Branches:
Dungeon (15/15)            Temple (1/1) D:4            Lair (6/6) D:9
 Shoals (4/4) Lair:2       Spider (4/4) Lair:4        Slime (0/5) Lair:6
    Orc (2/2) D:12            Elf (1/3) Orc:2        Vaults (4/5) D:13
  Crypt (0/3) Vaults:2     Depths (0/5) D:15         Bailey (visited)
  IceCv (visited)          WizLab (1/1)

Altars:
Ashenzari
Cheibriados
Dithmenos
Elyvilon
Fedhas
Gozag
Hepliaklqana
Kikubaaqudgha
Makhleb
Nemelex Xobeh
Okawaru
Qazlal
Ru
Sif Muna
Trog
Uskayaw
Vehumet
Wu Jian
Xom
Yredelemnul
Zin
The Shining One
Beogh
Jiyva

Shops:
D:7 :   D:9 (:!   Orc:1 ??=   Orc:2 :}?*(*?%[   Lair:5 *(   Shoals:3 ?
Vaults:1 *?   Vaults:3 ?*

Annotations:
D:4 3 runed translucent doors, VanClaymore's ghost, amateur OpTm
D:14 Roxanne
Lair:3 exclusion: 2 oklob plants
Lair:5 3 runed translucent doors, AlterAsc's ghost, journeyman DrFE
Orc:1 2 transporters, VPR's ghost, journeyman MiBe
Vaults:1 1 runed translucent door, tape's ghost, adept DsAs


Innate Abilities, Weirdness & Mutations

You are very small and have problems with some larger weapons.
You are too small for most types of armour.
You have supernaturally acute eyesight. (SInv)
You are a herbivore.
You cover ground extremely quickly.
You need to consume almost no food.


Message History

Found a glowing hunting sling and 19 gold pieces.
You feel yourself slow down.
Found an engraved book and a ring of attention.
You completely miss Tufios.
* * * LOW HITPOINT WARNING * * *
Found a runed great sword and a runed buckler.
Unknown command.
Okay, then.
Unknown command.
Okay, then.
Okay, then.
A red film seems to cover your vision as you go berserk!
You feel yourself moving faster!
You feel mighty!
You are engulfed in raging winds.
* * * LOW HITPOINT WARNING * * *
Tufios closely misses you.
You feel a strong urge to attack something.
Found four items.
You die...
Your body crumbles into a pile of gold.

############################≈≈≈§§
...........................###≈§§
≈≈≈≈≈≈≈≈≈≈≈≈≈≈≈≈≈≈≈≈≈≈≈≈≈≈...###§
≈####################≈≈≈≈≈≈≈...##
≈# ############### ###≈≈≈≈≈≈≈..#
≈##§§#..#§.#.§#§.## ###≈≈≈≈≈≈.#
≈#§§§§...§§§§§§§§§# .. ##≈≈≈≈≈..
≈#§§§....§§§§§§§§§# =$= #≈≈≈≈≈≈.
≈#§§§§.§§§§§§§§§@§#.)): ##≈≈≈≈≈.
.'.§.....§§§§§§§§§§.|)[. #≈≈≈≈≈.
≈#§.§.§.§§§§§§§§§§#.["). ##≈≈≈≈≈.
≈#§§§§§.§§§§§§@§§§# $(!. #≈≈≈≈≈≈.
≈#.§§§§.§§§§§§§§§§# ...##≈≈≈≈≈..
≈##§§#..#§§#§§#§§## ###≈≈≈≈≈≈.#
≈################# ###≈≈≈≈≈≈≈..#
≈####################≈≈≈≈≈≈≈...##
≈≈≈≈≈≈≈≈≈≈≈≈≈≈≈≈≈≈≈≈≈≈≈≈≈≈....##≈


You could see Tufios the Cloud Mage.

Vanquished Creatures
  Arachne (Spider:4)
  A kraken (Shoals:1)
  A tengu reaver (Vaults:2)
  Kirke (D:14)
  2 revenants (Vaults:2)
  2 fire giants
  A ghost moth (Spider:4)
  2 vault wardens
  2 ironheart preservers
  3 emperor scorpions
  3 stone giants
  3 entropy weavers
  A vampire knight (Vaults:2)
  A deep elf annihilator (Vaults:3)
  3 spark wasps
  Azrael (D:14)
  2 blizzard demons (WizLab)
  2 fire dragons
  A merfolk impaler (Shoals:2)
  4 yaktaur captains
  Harold (D:10)
  A vault guard (Vaults:2)
  3 great orbs of eyes
  5 centaur warriors
  5 spriggan air magi (WizLab)
  An ice dragon (Vaults:2)
  A ghost crab (WizLab)
  3 merfolk aquamancers
  4 merfolk avatars
  2 hydras (Lair:4)
  10 two-headed ogres
  An alligator snapping turtle (Shoals:1)
  Erica (D:10)
  An ogre mage (Vaults:3)
  3 orc high priests (Orc:2)
  A deep troll (Vaults:3)
  A warg (Orc:1)
  A shock serpent (WizLab)
  2 deep elf knights
  Nergalle (D:11)
  A skeletal warrior (Vaults:1)
  15 sea snakes
  4 unseen horrors
  A swamp dragon (Lair:6)
  6 wizards
  A deep elf archer (Vaults:3)
  Pikel (D:4)
  6 orc knights
  20 harpies
  3 ironbrand convokers
  14 orb spiders
  2 orc sorcerers (Orc:1)
  5 cyclopes
  2 deep elf magi
  22 wolf spiders
  8 manticores
  6 fauns
  2 moths of wrath
  A guardian serpent (Lair:6)
  A water nymph (Shoals:3)
  3 vault sentinels (Vaults:2)
  3 centaur zombies
  8 ugly things
  Joseph (D:10)
  8 black mambas
  An ice statue (IceCv)
  4 merfolk sirens
  A torpor snail (Lair:6)
  A black mamba (shapeshifter) (D:14)
  10 spiny frogs
  2 kobold demonologists (D:13)
  2 rime drakes
  2 freezing wraiths (Vaults:3)
  12 komodo dragons
  9 yaktaurs
  4 demonic crawlers
  A tengu conjurer (D:14)
  7 trolls
  11 wind drakes
  19 polar bears
  19 merfolk
  23 jumping spiders
  6 hornets
  5 slime creatures
  A harpy skeleton (D:15)
  15 dream sheep
  12 snapping turtles
  13 blink frogs
  2 human simulacra (Vaults:2)
  12 hippogriffs
  5 air elementals (WizLab)
  Sigmund (D:3)
  53 redbacks
  13 water elementals
  11 wyverns
  27 tarantellas
  6 hogs
  2 wraiths
  A shadow (D:13)
  Eustachio (D:4)
  A human (D:8)
  47 yaks
  Grum (D:9)
  5 basilisks
  2 ice beasts
  3 steam dragons
  2 fire elementals (D:14)
  A hungry ghost (D:10)
  3 vampire mosquitoes (D:15)
  18 water moccasins
  2 hell hounds (D:14)
  2 acid dragons
  A porcupine (Lair:4)
  30 orc warriors
  4 sky beasts
  3 swamp drakes (Lair:6)
  A phantom (D:7)
  A black bear (D:11)
  3 slaves
  2 eyes of draining
  18 ogres
  A necrophage (D:13)
  5 boggarts
  22 centaurs
  19 wolves
  16 crocodiles
  8 big kobolds
  A wyvern zombie (D:10)
  20 bullfrogs
  4 scorpions
  8 wights
  56 killer bees
  2 electric eels (Spider:3)
  5 crimson imps
  A bullfrog zombie (D:6)
  5 hounds
  4 jellies
  18 orc priests
  3 bullfrog skeletons
  26 orc wizards
  4 centaur skeletons
  Jessica (D:3)
  Ijyb (D:4)
  12 human skeletons (Vaults:3)
  9 iguanas
  13 worker ants
  Natasha (thrice) (D:3)
  A statue (D:9)
  A hound zombie (D:7)
  3 hound skeletons
  A worker ant zombie (D:9)
  7 gnolls
  A howler monkey skeleton (D:5)
  12 adders
  4 shadow imps
  2 oozes
  2 adder skeletons
  2 worms
  2 dart slugs
  9 leopard geckos
  85 orcs
  3 ball pythons
  9 bats
  10 giant cockroaches
  9 goblins
  9 hobgoblins
  31 kobolds
  2 quokkas
  A ball python zombie (D:5)
  5 frilled lizards
  2 jackal skeletons
  A leopard gecko skeleton (D:7)
  2 quokka skeletons
  2 quokka zombies (D:5)
  13 rats
1191 creatures vanquished.

Vanquished Creatures (collateral kills)
  Sojobo (Vaults:2)
  A tengu reaver (Vaults:2)
  6 vault wardens
  3 emperor scorpions (Spider:4)
  A ghost moth (Spider:4)
  5 ironheart preservers
  A white draconian (IceCv)
  2 deep elf death magi (Vaults:2)
  An ettin (Orc:1)
  2 blizzard demons (WizLab)
  4 merfolk impalers
  2 merfolk javelineers (Shoals:4)
  A yaktaur captain (Vaults:3)
  7 ogre magi
  10 vault guards
  2 merfolk aquamancers
  A centaur warrior (Vaults:2)
  A two-headed ogre (shapeshifter) (Vaults:2)
  A death knight (Vaults:2)
  10 two-headed ogres
  2 dancing weapons
  A deep elf knight (Vaults:2)
  An orc high priest (Orc:2)
  A fire crab (shapeshifter) (Vaults:3)
  2 skeletal warriors (Vaults:1)
  3 sea snakes (Shoals:4)
  A glowing orange brain (Vaults:3)
  2 wizards (Vaults:1)
  A flayed ghost (Vaults:1)
  A deep elf archer (Vaults:3)
  A deep troll (Vaults:3)
  5 ironbrand convokers
  8 orc knights
  A harpy (Shoals:4)
  3 orb spiders
  3 wolf spiders (Spider:2)
  A deep elf mage (Vaults:2)
  4 manticores
  4 cyclopes
  11 ugly things
  A moth of wrath (Spider:4)
  4 merfolk sirens
  A black mamba (Lair:6)
  2 vault sentinels
  3 water nymphs
  An apocalypse crab (WizLab)
  3 yaktaurs
  5 demonic crawlers
  7 jumping spiders
  3 wind drakes
  A troll (Orc:1)
  12 merfolk
  A polar bear (IceCv)
  A slime creature (Vaults:2)
  3 snapping turtles (Shoals:4)
  19 redbacks
  An air elemental (WizLab)
  4 tarantellas
  A yak (IceCv)
  4 water elementals
  A warg (Vaults:3)
  A water moccasin (Lair:6)
  12 orc warriors
  16 ogres
  5 boggarts
  5 centaurs
  A crocodile (Lair:6)
  An ogre simulacrum (Vaults:1)
  4 wights
  2 electric eels (Spider:4)
  15 orc priests
  An orc wizard (Orc:1)
  37 orcs
  A kobold (D:9)
  A spectral weapon (WizLab)
298 creatures vanquished.

Vanquished Creatures (others)
  A vault warden (Vaults:2)
  2 ironheart preservers
  An emperor scorpion (Spider:4)
  A stone giant (Vaults:3)
  An entropy weaver (Spider:2)
  A spark wasp (WizLab)
  2 merfolk javelineers (Shoals:4)
  A shock serpent (WizLab)
  An ogre mage (Vaults:3)
  5 two-headed ogres
  2 orc high priests
  A death drake (WizLab)
  An unseen horror (D:14)
  An ironbrand convoker (Vaults:3)
  6 orc knights
  4 ugly things
  2 deep elf magi
  2 wolf spiders
  2 jumping spiders
  2 merfolk
  A wind drake (WizLab)
  A centaur (Vaults:2)
  7 dancing weapons
  4 redbacks
  2 tarantellas
  A water moccasin (Lair:6)
  A black bear (D:6)
  A hornet zombie (D:14)
  A boggart (Vaults:2)
  A wolf (IceCv)
  2 orc priests (Orc:2)
  3 orc wizards
  A gnoll (D:8)
  4 orcs
  4 fungi
  33 plants
  3 spectral weapons
109 creatures vanquished.

Grand Total: 1598 creatures vanquished

Notes
Turn   | Place    | Note
-------+----------+-------------------------------------------
     0 | D:1      | larifari the Spriggan Enchanter began the quest for the
                  | Orb.
     0 | D:1      | Reached XP level 1. HP: 9/9 MP: 5/5
    74 | D:1      | Reached skill level 4 in Hexes
   253 | D:1      | Reached XP level 2. HP: 10/13 MP: 4/6
   380 | D:1      | Learned a level 2 spell: Ensorcelled Hibernation
   691 | D:1      | Reached skill level 5 in Hexes
   703 | D:1      | Reached XP level 3. HP: 10/16 MP: 8/8
   708 | D:1      | Learned a level 3 spell: Tukima's Dance
  1394 | D:2      | Reached skill level 6 in Hexes
  1394 | D:2      | Reached XP level 4. HP: 17/21 MP: 9/9
  1896 | D:3      | Noticed Sigmund
  1909 | D:3      | Noticed Jessica
  1916 | D:3      | Killed Jessica
  2392 | D:4      | Reached skill level 7 in Hexes
  2392 | D:4      | Reached XP level 5. HP: 24/24 MP: 5/10
  2397 | D:4      | Learned a level 3 spell: Confuse
  2699 | D:3      | Noticed Natasha
  2741 | D:3      | Killed Natasha
  2824 | D:3      | Noticed Natasha
  2830 | D:3      | Killed Natasha
  2834 | D:3      | Noticed Natasha
  2856 | D:3      | Killed Natasha
  2951 | D:3      | HP: 1/24 [Sigmund/magic dart (8)]
  3001 | D:3      | Killed Sigmund
  3001 | D:3      | Reached XP level 6. HP: 21/28 MP: 7/12
  3128 | D:4      | Reached skill level 8 in Hexes
  3227 | D:4      | Noticed Ijyb
  3235 | D:4      | Killed Ijyb
  3235 | D:4      | Reached XP level 7. HP: 32/32 MP: 14/14
  3291 | D:4      | Identified the +7 hunting sling of Foolhardiness {venom,
                  | +Inv MR+}
  3414 | D:4      | Found a runed translucent gate.
  3414 | D:4      | Found a runed translucent gate.
  3414 | D:4      | Found a runed translucent gate.
  3416 | D:4      | Noticed VanClaymore's ghost (amateur OpTm)
  3419 | D:4      | Found a roughly hewn altar of Beogh.
  3585 | D:4      | Found a staircase to the Ecumenical Temple.
  3591 | Temple   | Entered the Ecumenical Temple
  3669 | Temple   | Became a worshipper of Gozag Ym Sagoz the Greedy
  3780 | D:4      | Noticed Eustachio
  3784 | D:4      | Killed Eustachio
  3784 | D:4      | Reached skill level 5 in Spellcasting
  3784 | D:4      | Reached skill level 1 in Evocations
  4162 | D:5      | Entered Level 5 of the Dungeon
  4218 | D:5      | Reached skill level 9 in Hexes
  4302 | D:5      | Reached XP level 8. HP: 31/36 MP: 17/17
  4700 | D:5      | Got a twisted trident
  4701 | D:5      | Identified the +3 trident of the Coward {freeze, +Fly rF-
                  | Dex+2} (You found it on level 5 of the Dungeon)
  4932 | D:5      | Noticed Pikel
  4969 | D:4      | Upgraded the game from 0.24.0-29-g8ce449bc06 to
                  | 0.24.0-35-gdb84b6a5db
  5387 | D:4      | Killed Pikel
  5387 | D:4      | Reached skill level 5 in Short Blades
  5387 | D:4      | Reached skill level 5 in Stealth
  5521 | D:5      | Learned a level 4 spell: Summon Lightning Spire
  5717 | D:6      | Reached XP level 9. HP: 39/39 MP: 7/20
  5721 | D:6      | Reached skill level 10 in Hexes
  5858 | D:6      | Reached skill level 5 in Dodging
  6220 | D:6      | Reached skill level 1 in Fighting
  6307 | D:6      | Found a shimmering blue altar of Sif Muna.
  6311 | D:6      | Found a hazy altar of Hepliaklqana.
  6314 | D:6      | Found a basalt altar of Yredelemnul.
  6420 | D:7      | Found Fink's Book Shoppe.
  6863 | D:7      | Reached skill level 5 in Evocations
  7332 | D:7      | Bought a book of Enchantments for 650 gold pieces
  7338 | D:7      | Learned a level 5 spell: Yara's Violent Unravelling
  7377 | D:8      | Learned a level 4 spell: Cause Fear
  7480 | D:8      | Noticed a two-headed ogre
  7489 | D:8      | Killed a two-headed ogre
  7489 | D:8      | Reached XP level 10. HP: 13/46 MP: 7/23
  7497 | D:8      | Found a flagged portal.
  7533 | Bailey   | Entered a bailey
  7554 | Bailey   | Noticed an orc knight
  7586 | Bailey   | Noticed an orc knight
  7661 | Bailey   | Killed an orc knight
  7661 | Bailey   | Reached skill level 11 in Hexes
  7877 | Bailey   | Killed an orc knight
  8405 | D:8      | Noticed a two-headed ogre
  8414 | D:8      | Killed a two-headed ogre
  8912 | D:7      | Bought a book of Burglary for 975 gold pieces
  8912 | D:7      | Bought a book of Cantrips for 260 gold pieces
  8919 | D:7      | Learned a level 6 spell: Invisibility
  9151 | D:9      | Found a staircase to the Lair.
  9493 | D:9      | Reached XP level 11. HP: 49/51 MP: 2/25
  9638 | D:9      | Noticed Grum
  9654 | D:9      | Reached skill level 12 in Hexes
  9669 | D:9      | Killed Grum
  9787 | D:9      | Found a radiant altar of Vehumet.
  9820 | D:9      | Learned a level 1 spell: Apportation
 10119 | D:9      | Reached skill level 1 in Translocations
 10553 | D:10     | Entered Level 10 of the Dungeon
 10831 | D:10     | Noticed Erica
 10833 | D:10     | Killed Erica
 10833 | D:10     | Reached skill level 10 in Spellcasting
 10996 | D:10     | Noticed an unseen horror
 11004 | D:10     | Killed an unseen horror
 11050 | D:10     | Noticed Joseph
 11068 | D:10     | Killed Joseph
 11371 | D:11     | Noticed a green ugly thing
 11380 | D:11     | Killed a green ugly thing
 11380 | D:11     | Reached skill level 13 in Hexes
 11380 | D:11     | Noticed an unseen horror
 11408 | D:11     | Noticed Harold
 11430 | D:11     | Noticed Nergalle
 11847 | D:10     | Killed Harold
 11900 | D:11     | Killed an unseen horror
 11968 | D:11     | Reached skill level 5 in Translocations
 11978 | D:11     | Killed Nergalle
 12172 | D:11     | Reached XP level 12. HP: 58/58 MP: 1/27
 12583 | D:12     | Found a staircase to the Orcish Mines.
 12793 | D:12     | Reached skill level 14 in Hexes
 12913 | D:12     | Reached skill level 10 in Dodging
 13198 | D:12     | Reached skill level 5 in Fighting
 13800 | D:12     | Got an encrusted mace
 14098 | Lair:1   | Entered Level 1 of the Lair of Beasts
 15228 | Lair:1   | Reached skill level 15 in Hexes
 15740 | Lair:2   | Found a staircase to the Shoals.
 16054 | Lair:2   | Reached XP level 13. HP: 65/65 MP: 20/29
 16801 | Lair:3   | Identified the +6 mace of Disintegration {venom, rF++ rC+
                  | SInv Stlth-} (You found it on level 12 of the Dungeon)
 17576 | Lair:4   | Reached skill level 16 in Hexes
 17728 | Lair:4   | Found a hole to the Spider Nest.
 18084 | Lair:5   | Bought a scroll of magic mapping for 42 gold pieces
 18084 | Lair:5   | Bought a scroll of fear for 42 gold pieces
 18099 | Lair:5   | Bought a potion of cancellation for 96 gold pieces
 18183 | Lair:5   | Found a frozen archway.
 18230 | IceCv    | Entered an ice cave
 19093 | IceCv    | Noticed a white draconian
 19300 | IceCv    | Killed a white draconian
 19860 | Lair:5   | Bought a wand of clouds (6) for 360 gold pieces
 19890 | Lair:5   | Found a runed translucent gate.
 19890 | Lair:5   | Found a runed translucent gate.
 19890 | Lair:5   | Found a runed translucent gate.
 19890 | Lair:5   | Noticed AlterAsc's ghost (journeyman DrFE)
 20316 | Lair:6   | Entered Level 6 of the Lair of Beasts
 20906 | Lair:6   | Reached XP level 14. HP: 72/72 MP: 27/32
 21432 | Lair:5   | Reached skill level 17 in Hexes
 21510 | Lair:5   | Learned a level 2 spell: Blink
 21609 | Lair:6   | Learned a level 8 spell: Discord
 21615 | Lair:6   | Learned a level 5 spell: Silence
 22048 | Lair:6   | Found a staircase to the Slime Pits.
 22049 | Lair:6   | Found a viscous altar of Jiyva.
 23473 | Lair:6   | Got an ebony long sword
 23716 | D:9      | Identified the +6 long sword "Piskoov" {slice, rElec MR+
                  | Int+4} (You found it on level 6 of the Lair of Beasts)
 24439 | D:13     | Found a gate to the Vaults.
 25318 | D:14     | Reached skill level 18 in Hexes
 25337 | D:14     | Noticed Kirke
 25346 | D:14     | Killed Kirke
 25687 | D:14     | Noticed Azrael
 25752 | D:14     | Killed Azrael
 26044 | D:14     | Noticed Roxanne
 26219 | D:15     | Entered Level 15 of the Dungeon
 27078 | D:15     | Reached XP level 15. HP: 72/78 MP: 30/34
 27083 | D:15     | Found a staircase to the Depths.
 27412 | D:15     | Got a faintly glowing iron ring
 27415 | D:15     | Identified the ring of Teinoid {rC+ rN+ Dex+3 SInv} (You
                  | found it on level 15 of the Dungeon)
 27823 | Orc:1    | Entered Level 1 of the Orcish Mines
 28024 | Orc:1    | Found Leihe's Magic Scroll Shoppe.
 28114 | Orc:1    | Bought a scroll of silence for 120 gold pieces
 28114 | Orc:1    | Bought a scroll of holy word for 120 gold pieces
 28114 | Orc:1    | Bought a scroll of summoning for 152 gold pieces
 28114 | Orc:1    | Bought a scroll of amnesia for 56 gold pieces
 28114 | Orc:1    | Bought a scroll of magic mapping for 56 gold pieces
 28114 | Orc:1    | Bought a scroll of silence for 120 gold pieces
 28193 | Orc:1    | Found Amiytesch's Magic Scroll Shoppe.
 28196 | Orc:1    | Bought 3 scrolls of torment for 315 gold pieces
 28196 | Orc:1    | Bought a scroll of magic mapping for 49 gold pieces
 28196 | Orc:1    | Bought a scroll of magic mapping for 49 gold pieces
 28196 | Orc:1    | Bought a scroll of enchant armour for 105 gold pieces
 28196 | Orc:1    | Bought a scroll of enchant weapon for 105 gold pieces
 28196 | Orc:1    | Bought a scroll of amnesia for 49 gold pieces
 28196 | Orc:1    | Bought a scroll of fear for 49 gold pieces
 28196 | Orc:1    | Bought a scroll of fog for 28 gold pieces
 28784 | Orc:1    | Found a transporter.
 28785 | Orc:1    | Identified the +6 great mace "Tuchox" {crush, Dex+4}
 28785 | Orc:1    | Identified the +3 great mace of Linearity {flame, +Inv
                  | Dex+3 Stlth+}
 28785 | Orc:1    | Noticed VPR's ghost (journeyman MiBe)
 28791 | Orc:1    | Found Ehakhlis's Jewellery Emporium.
 28794 | Orc:1    | Found a transporter.
 28980 | Orc:2    | Entered Level 2 of the Orcish Mines
 29054 | Orc:2    | Found Plog's Food Boutique.
 29173 | Orc:2    | Found Juaw's Armour Emporium.
 29207 | Orc:2    | Found a staircase to the Elven Halls.
 29244 | Orc:2    | Found Boerasun's Gadget Shoppe.
 29261 | Orc:2    | Found Ziobb's Magic Scroll Shop.
 29264 | Orc:2    | Bought a scroll of magic mapping for 38 gold pieces
 29264 | Orc:2    | Bought a scroll of fog for 22 gold pieces
 29264 | Orc:2    | Bought a scroll of enchant weapon for 82 gold pieces
 29704 | Orc:2    | Reached skill level 1 in Armour
 30083 | Orc:2    | Found Gathyar's Magic Scroll Shoppe.
 30083 | Orc:2    | Found Sanniop's General Store.
 30104 | Orc:2    | Found Qips's General Store.
 30104 | Orc:2    | Found Reda Fel's Weapon Shoppe.
 30111 | Orc:2    | Bought 2 scrolls of teleportation for 84 gold pieces
 30111 | Orc:2    | Bought a scroll of amnesia for 49 gold pieces
 30111 | Orc:2    | Bought a scroll of teleportation for 42 gold pieces
 30111 | Orc:2    | Bought a scroll of teleportation for 42 gold pieces
 30111 | Orc:2    | Bought a scroll of enchant armour for 105 gold pieces
 30111 | Orc:2    | Bought a scroll of fear for 49 gold pieces
 30111 | Orc:2    | Bought a scroll of enchant armour for 105 gold pieces
 30112 | Orc:2    | Bought 2 potions of magic for 240 gold pieces
 30115 | Orc:2    | Bought a scroll of enchant weapon for 112 gold pieces
 30115 | Orc:2    | Bought a potion of curing for 45 gold pieces
 30222 | Orc:2    | Found a roughly hewn altar of Beogh.
 30268 | Orc:2    | Found Elock's Book Shop.
 30733 | Elf:1    | Entered Level 1 of the Elven Halls
 31072 | Spider:1 | Entered Level 1 of the Spider Nest
 31176 | Spider:1 | Got a shadowed robe
 31177 | Spider:1 | Identified the +2 robe of the Ageless Orbs {Str-5 Dex+5}
                  | (You found it on level 1 of the Spider Nest)
 31955 | Lair:4   | Learned a level 3 spell: Dazzling Spray
 32527 | Spider:2 | Reached skill level 15 in Spellcasting
 33214 | Spider:2 | Learned a level 3 spell: Spectral Weapon
 33601 | Spider:3 | Reached XP level 16. HP: 49/84 MP: 20/36
 33891 | Spider:3 | Reached skill level 5 in Armour
 34501 | Spider:4 | Entered Level 4 of the Spider Nest
 34501 | Spider:4 | Noticed Arachne
 34540 | Spider:4 | Killed Arachne
 35417 | Spider:4 | Reached skill level 10 in Fighting
 35682 | Spider:4 | Got a gossamer rune of Zot
 35973 | Shoals:1 | Entered Level 1 of the Shoals
 36264 | Shoals:1 | Learned a level 3 spell: Regeneration
 36420 | Shoals:1 | Noticed a kraken
 36438 | Shoals:1 | Killed a kraken
 36473 | Shoals:1 | HP: 1/85 [alligator snapping turtle (46)]
 37218 | Shoals:1 | Found a runed translucent door.
 37418 | Orc:2    | Bought quicksilver dragon scales for 660 gold pieces
 38358 | Shoals:2 | Reached XP level 17. HP: 62/90 MP: 24/39
 38735 | Shoals:2 | Reached skill level 1 in Charms
 39114 | Shoals:3 | Found Pyuhah's Magic Scroll Shoppe.
 39285 | Shoals:3 | Bought a scroll of enchant armour for 127 gold pieces
 39285 | Shoals:3 | Bought a scroll of fear for 59 gold pieces
 39285 | Shoals:3 | Bought a scroll of magic mapping for 59 gold pieces
 39285 | Shoals:3 | Bought a scroll of teleportation for 51 gold pieces
 39285 | Shoals:3 | Bought a scroll of silence for 127 gold pieces
 39919 | Shoals:4 | Entered Level 4 of the Shoals
 40047 | Shoals:4 | Reached skill level 15 in Dodging
 41158 | Shoals:4 | Reached skill level 19 in Hexes
 41271 | Shoals:4 | Got a barnacled rune of Zot
 41327 | Shoals:4 | Learned a level 4 spell: Passage of Golubria
 41817 | D:9      | Bought the +5 dagger of the Mosquito {venom, rF++} for 986
                  | gold pieces
 41983 | Vaults:1 | Entered Level 1 of the Vaults
 42594 | Vaults:1 | Found Oninni's Magic Scroll Boutique.
 42597 | Vaults:1 | Bought a scroll of amnesia for 63 gold pieces
 42597 | Vaults:1 | Bought a scroll of vulnerability for 135 gold pieces
 42597 | Vaults:1 | Bought a scroll of enchant weapon for 135 gold pieces
 42597 | Vaults:1 | Bought a scroll of vulnerability for 135 gold pieces
 42597 | Vaults:1 | Bought a scroll of teleportation for 54 gold pieces
 42597 | Vaults:1 | Bought a scroll of teleportation for 54 gold pieces
 42597 | Vaults:1 | Bought a scroll of amnesia for 63 gold pieces
 42731 | Vaults:1 | Found a shadowy altar of Dithmenos.
 42779 | Vaults:1 | Found Fiborir's Assorted Antiques.
 42867 | Vaults:1 | Bought a hardcover book for 345 gold pieces
 42867 | Vaults:1 | Bought a bound wooden ring for 115 gold pieces
 42867 | Vaults:1 | Bought a scroll of teleportation for 69 gold pieces
 42867 | Vaults:1 | Identified the ring "Qutom" {rPois Int+4 Dex+3} (You bought
                  | it in a shop on level 1 of the Vaults)
 42972 | Vaults:1 | Found a runed translucent door.
 42972 | Vaults:1 | Found a shimmering altar of Xom.
 42972 | Vaults:1 | Identified the +9 lajatang of Pysaog {chaos, Str+4 Stlth+}
 42972 | Vaults:1 | Noticed tape's ghost (adept DsAs)
 43723 | Vaults:2 | Noticed Sojobo
 43729 | Vaults:2 | Killed Sojobo
 43729 | Vaults:2 | Reached skill level 5 in Charms
 43739 | Vaults:2 | Reached XP level 18. HP: 75/96 MP: 5/41
 44433 | Vaults:2 | Found a staircase to the Crypt.
 44701 | Vaults:2 | Learned a level 2 spell: Song of Slaying
 45771 | Vaults:3 | Reached skill level 10 in Short Blades
 45955 | Vaults:3 | Found Ezuuffej's General Store.
 46084 | Vaults:3 | Bought a scroll of teleportation for 63 gold pieces
 46203 | Vaults:3 | Found Feucruqo's Magic Scroll Boutique.
 46211 | Vaults:3 | Bought a scroll of teleportation for 60 gold pieces
 46409 | Vaults:3 | Identified a scroll of acquirement
 47229 | Vaults:4 | Found a magical portal.
 47367 | WizLab   | Reached skill level 10 in Evocations
 47378 | WizLab   | Reached skill level 20 in Hexes
 48055 | WizLab   | Reached XP level 19. HP: 44/100 MP: 27/43
 48097 | WizLab   | Noticed Tufios
 48111 | WizLab   | Killed from afar by Tufios the Cloud Mage

Levels and vault maps discovered:
D:1:      dpeg_arrival_tiny_f, layout_rooms
D:2:      layout_basic, first_ration, minivault_24
D:3:      layout_basic, uniq_jessica, uniq_natasha, uniq_sigmund
D:4:      layout_loops_corners, minmay_temple_entry_enclosed_plants,
          biasface_ghost_orc_armoury, kennysheep_small_circle, uniq_ijyb,
          uniq_eustachio
D:5:      minmay_inner_zag, layout_cave_pools, uniq_pikel
D:6:      layout_basic, minitemple
D:7:      layout_basic, serial_shops, nicolae_shop_stone
D:8:      layout_loops_corners, enter_bailey_7, grunt_livestock,
          minmay_diced_spiral
D:9:      layout_roguey, vehumet_statue, dpeg_oklobed_lair,
          minmay_misc_feat_cross, minmay_unpleasant_kobolds, uniq_grum
D:10:     layout_irregular_city, uniq_erica, uniq_joseph
D:11:     layout_cave_pools, uniq_nergalle, uniq_harold
D:12:     layout_loops_ring, orc_0_dummy
D:13:     layout_stronghold, david_vaults_1
D:14:     layout_long_grid, chequers_garden, uniq_roxanne, uniq_kirke,
          uniq_azrael
D:15:     grunt_enter_depths_snipers, layout_basic, interstate_on_off
Temple:   regret_index_temple_mists
Lair:1:   wad_woods_minihive, layout_cave_pods, special_room
Lair:2:   layout_hall_layers, shoals_dummy_entry, beast_lair_carwin_10,
          infiniplex_staircase_pool
Lair:3:   dpeg_oklob_gauntlet, layout_regular_city
Lair:4:   layout_hall_layers, spider_nest_entry_webs, serial_bayou_shore_b,
          grunt_megastairs_1, lemuel_fruit_tree
Lair:5:   layout_big_grid, ebering_ghost_rock_garden,
          portal_ice_cave_entry_animals_and_master
Lair:6:   hangedman_lair_tendril_chambers, layout_hall_layers,
          guppyfry_lair_end_dragon, slime_altar_1
Shoals:1: layout_shoals, nicolae_shoals_seven_spires, lightli_airlock
Shoals:2: layout_shoals
Shoals:3: layout_shoals, serial_shops, shop
Shoals:4: shoals_end_simple, layout_shoals, nicolae_shoals_isolated_beach
Spider:1: layout_spider_delve
Spider:2: layout_spider_delve, nicolae_spider_webbed_stairs
Spider:3: layout_spider_delve
Spider:4: grunt_spider_rune_circles, uniq_arachne
Orc:1:    minmay_goldmine, layout_caves, serial_shops, shop,
          nicolae_shop_behind_doors, gammafunk_ghost_smash,
          guppyfry_orc_lava_fort
Orc:2:    st_orc_pillars, layout_diamond_mine, serial_shops,
          nicolae_shop_behind_doors, nicolae_shop_waterfront,
          nicolae_shop_window_shopping, nicolae_shop_behind_doors, shop,
          minmay_orc_temple_b
Elf:1:    layout_rooms, minmay_elf_necromancy, grunt_megastairs_2
Vaults:1: ebering_vaults_ghost_xom, hangedman_vaults_stagger,
          vaults_room_mumra_shop_pool, nicolae_vaults_ring_of_whatevers,
          ontoclasm_vaults_gateway, v_misc_14, layout_vaults_omnigrid,
          serial_shops, shop, basic_altar
Vaults:2: minmay_crypt_entry_simple_corners, vaults_mumra_lcd,
          nicolae_vaults_little_ls, ontoclasm_vaults_chip,
          nicolae_vaults_little_squares_2, nicolae_vaults_display_case,
          nicolae_vaults_asterisk, vaults_room_hallway,
          hangedman_vaults_capsules, v_alt_pattern_5, ontoclasm_vaults_tryst,
          nicolae_vaults_mini_display_case, ontoclasm_vaults_misaligned,
          hangedman_vaults_trim, layout_vaults_ring, uniq_sojobo
Vaults:3: v_misc_18, nicolae_vaults_yaktaur_gun_rack, dpeg_vaults_monster_row,
          hangedman_vaults_pinch, nicolae_vaults_network_periphery, v_pattern_2,
          vaults_dpeg_hooks, nicolae_vaults_big_angled_halls,
          nicolae_vaults_holding_cells, layout_vaults_maze_bifur, serial_shops,
          shop, shop
Vaults:4: nicolae_vaults_diagonal_hallway_6, v_misc_29, v_misc_4,
          ontoclasm_vaults_ligature, v_alt_pattern_3, vaults_mumra_hexcomb,
          v_rooms_3, vaults_room_fours, vaults_standard_mumra_enter_the_diamond,
          layout_vaults_big_room, serial_shops, shop,
          infiniplex_enter_wizlab_water, uniq_jory
WizLab:   wizlab_cloud

Skill      XL: |  1  2  3  4  5  6  7  8  9 10 11 12 13 14 15 16 17 18 |
---------------+-------------------------------------------------------+-----
Hexes          | 4 5 6 7 8 9 10 11 13 15 16 18 19 20 | 20.0
Spellcasting   | 3 4 5 7 8 9 10 11 13 14 15 17 18 19 | 19.3
Short Blades   | 2 3 4 5 6 8 9 10 | 10.6
Evocations     | 2 4 5 6 7 8 10 | 10.1
Dodging        | 4 6 7 9 11 12 14 15 16 | 16.2
Stealth        | 5 6 7 9 |  9.7
Fighting       | 2 4 5 7 8 9 10 11 | 11.4
Transmutations | 2 4 |  4.4
Translocations | 5 |  5.5
Armour         | 4 7 8 |  8.2
Charms         | 5 6 |  6.9

Action                   |  1- 3 |  4- 6 |  7- 9 | 10-12 | 13-15 | 16-18 | 19-21 || total
-------------------------+-------+-------+-------+-------+-------+-------+-------++-------
Melee: Dagger            |   109 |    87 |   263 |   615 |  1346 |  1047 |     1 ||  3468
       Long sword        |       |       |       |       |     2 |     4 |       ||     6
 Fire: Hunting sling     |    56 |     6 |     7 |    73 |    15 |       |       ||   157
Throw: Stone             |     2 |       |       |       |       |       |       ||     2
       Dart              |       |    42 |    30 |    66 |   257 |   142 |       ||   537
       Boomerang         |       |       |       |    12 |       |    28 |       ||    40
 Cast: Corona            |    24 |    12 |     4 |       |       |       |       ||    40
       Ensorcelled Hiber |     5 |    11 |    52 |   183 |   377 |   245 |       ||   873
       Confuse           |       |     6 |    61 |    89 |   202 |   207 |     1 ||   566
       Tukima's Dance    |       |       |     4 |    15 |    13 |    37 |       ||    69
       Apportation       |       |       |       |     3 |       |    42 |       ||    45
       Invisibility      |       |       |       |     5 |    13 |    14 |       ||    32
       Cause Fear        |       |       |       |       |     2 |     1 |       ||     3
       Discord           |       |       |       |       |     9 |    40 |       ||    49
       Blink             |       |       |       |       |     3 |     5 |       ||     8
       Dazzling Spray    |       |       |       |       |     1 |    10 |       ||    11
       Yara's Violent Un |       |       |       |       |     1 |     2 |       ||     3
       Spectral Weapon   |       |       |       |       |       |    28 |     1 ||    29
       Silence           |       |       |       |       |       |     8 |     1 ||     9
       Regeneration      |       |       |       |       |       |    26 |     1 ||    27
       Passage of Golubr |       |       |       |       |       |     3 |       ||     3
       Song of Slaying   |       |       |       |       |       |     2 |     1 ||     3
Invok: Call Merchant     |       |       |       |     1 |     2 |     2 |       ||     5
 Abil: Evoke Flight      |       |       |       |     4 |     2 |     1 |       ||     7
       Stop Flying       |       |       |       |       |       |     1 |       ||     1
Evoke: Wand              |       |       |    17 |    29 |    55 |    53 |     7 ||   161
       Sack of spiders   |       |       |       |       |       |     2 |       ||     2
  Use: Scroll            |     2 |     5 |     7 |     9 |    14 |    18 |       ||    55
       Potion            |       |     3 |       |     1 |     1 |    18 |     3 ||    26
 Stab: Sleeping          |    12 |    10 |    43 |   141 |   232 |   170 |       ||   608
       Confused          |       |     3 |    35 |    49 |   153 |   137 |       ||   377
       Distracted        |       |       |     2 |     4 |     5 |    17 |       ||    28
       Paralysed         |       |       |     5 |     5 |     8 |     4 |       ||    22
       Invisible         |       |       |       |     5 |    24 |    22 |       ||    51
  Eat: Ration            |       |       |     3 |     5 |    14 |    18 |       ||    40
Armor: Robe              |    28 |    10 |    11 |    16 |    59 |    30 |       ||   154
Dodge: Dodged            |   128 |    63 |   169 |   401 |   916 |   802 |     3 ||  2482
       Rpst.: Long sword |       |       |       |       |     1 |     1 |       ||     2
